 Dungeon Crawl Stone Soup version 0.21-a0-91-ga5031da (webtiles) character file.

653 grindst0ne the Skirmisher (level 7, 0/63 HPs)
             Began as a Ghoul Monk on June 29, 2017.
             Was a Believer of Makhleb.
             Shot with an arrow by a centaur (6 damage)
             ... on level 5 of the Dungeon.
             The game lasted 00:11:55 (4524 turns).

grindst0ne the Skirmisher (Ghoul Monk)              Turns: 4524, Time: 00:11:56

Health: 0/63       AC: 13    Str: 15 (17) XL:     7   Next: 54%
Magic:  6/6        EV:  7    Int:  4 (5)  God:    Makhleb [**....]
Gold:   204        SH:  0    Dex: 11      Spells: 6/6 levels left

rFire    . . .     SeeInvis .     - Unarmed
rCold    + . .     Gourm    .   (no shield)
rNeg     + + +     Faith    +   m - +0 chain mail
rPois    ∞         Spirit   .   c - +0 helmet
rElec    .         Reflect  .   y - +0 cloak
rCorr    .         Harm     .   s - +2 pair of gloves
MR       +....                  (no boots)
Stlth    ..........             x - amulet of faith
HPRegen  0.00/turn              l - ring of protection from magic
MPRegen  0.10/turn              q - ring of stealth

@: rotting
A: rotting body, claws 1, carnivore 3, cold resistance 1, negative energy
resistance 3, inhibited regeneration, torment resistance, unbreathing
a: Minor Destruction, Renounce Religion


You were on level 5 of the Dungeon.
You worshipped Makhleb.
Makhleb was pleased with you.
You were not hungry.

You visited 2 branches of the dungeon, and saw 6 of its levels.

You collected 204 gold pieces.

Inventory:

Missiles
 o - 8 tomahawks (quivered)
Armour
 a - a +0 robe
 c - a +0 helmet (worn)
 g - a +0 ring mail
 k - a +0 pair of gloves
 m - a +0 chain mail (worn)
 n - a +0 shield
 r - a +0 scale mail
 s - a +2 pair of gloves (worn)
 y - a +0 cloak (worn)
Jewellery
 j - an uncursed ring of flight
 l - a ring of protection from magic (left hand)
 q - a ring of stealth (right hand)
 x - an amulet of faith (around neck)
Scrolls
 d - 2 scrolls of amnesia
 i - 3 scrolls of enchant weapon
 p - 2 scrolls of remove curse
 A - a scroll of recharging {unknown}
Potions
 e - 2 potions of flight
 t - a potion of curing
Comestibles
 b - 4 meat rations
 h - a royal jelly
 w - 15 chunks of flesh


   Skills:
 + Level 6.2 Fighting
 - Level 2.6 Dodging
 - Level 2.1 Stealth
 + Level 3.4 Shields
 + Level 6.2 Unarmed Combat


You had 6 spell levels left.
You didn't know any spells.

Dungeon Overview and Level Annotations

Branches:
Dungeon (5/15)             Temple (1/1) D:4

Altars:
Ashenzari
Fedhas
Gozag
Hepliaklqana
Kikubaaqudgha
Makhleb
Okawaru
Qazlal
Sif Muna
Trog
Vehumet
Wu Jian
Yredelemnul
Zin
The Shining One

Annotations:
D:4 exclusion: statue


Innate Abilities, Weirdness & Mutations

Your body is rotting away.
You thrive on raw meat.
You are immune to poison.
You have sharp fingernails.
You are carnivorous and can eat meat at any time.
Your flesh is cold resistant. (rC+)
You are immune to negative energy. (rN+++)
You do not regenerate when monsters are visible.
You are immune to unholy pain and torment.
You can survive without breathing.


Message History

The killer bee completely misses you.
The killer bee stings you but does no damage.
You closely miss the killer bee.
The killer bee is almost dead.
The killer bee stings you!
* * * LOW HITPOINT WARNING * * *
The killer bee stings you but does no damage.
You hit the killer bee.
The killer bee is almost dead.
Your surroundings suddenly seem different.
The centaur wields a runed shortbow.
The centaur shoots an arrow.
The arrow hits you but does no damage.
Things that are here:
an arrow; a potion of haste
Found a ring mail.
Found a scroll labeled NYAGHEASUE.
The centaur shoots an arrow.
The arrow hits you!
* * * LOW HITPOINT WARNING * * *
The centaur shoots an arrow.
The arrow hits you.
You die...

.# #####.## ..# ..yZyc.#
# #.# ###y###.c.# ###.#
#.# #..... ...#
#.###...####..#
###.>..#........#
......##..# #?.########
###.#.##..# #..@.......
###)#.##..####.#########
..........(.c..#
..........######
###########


You could see a centaur.

Vanquished Creatures
  Sigmund (D:3)
  A centaur (D:5)
  A hound (D:4)
  2 orc priests (D:5)
  2 orc wizards (D:5)
  Jessica (D:3)
  An iguana (D:5)
  3 worker ants
  Robin (D:3)
  3 adders
  2 worms
  2 dart slugs
  4 leopard geckos
  15 orcs
  6 bats
  2 giant cockroaches (D:3)
  17 goblins
  8 hobgoblins
  2 quokkas
  3 ball pythons
  A ball python skeleton (D:4)
  5 frilled lizards
  2 jackal skeletons (D:4)
  12 kobolds
  A leopard gecko skeleton (D:5)
  A quokka skeleton (D:4)
  14 rats
113 creatures vanquished.

Notes
Turn   | Place    | Note
-------+----------+-------------------------------------------
     0 | D:1      | grindst0ne the Ghoul Monk began the quest for the Orb.
     0 | D:1      | Reached XP level 1. HP: 19/19 MP: 0/0
   418 | D:1      | Reached XP level 2. HP: 26/26 MP: 1/1
  1089 | D:2      | Reached XP level 3. HP: 30/33 MP: 2/2
  2215 | D:3      | Found a glowing silver altar of Zin.
  2224 | D:3      | Noticed Jessica
  2228 | D:3      | Killed Jessica
  2228 | D:3      | Reached XP level 4. HP: 40/41 MP: 3/3
  2248 | D:3      | Found an ornate altar of the Wu Jian Council.
  2348 | D:3      | Reached skill level 1 in Shields
  2780 | D:3      | Noticed Robin
  2807 | D:3      | Reached XP level 5. HP: 20/46 MP: 4/4
  2846 | D:3      | Killed Robin
  3056 | D:3      | Noticed Sigmund
  3293 | D:3      | Killed Sigmund
  3293 | D:3      | Reached skill level 5 in Fighting
  3293 | D:3      | Reached skill level 5 in Unarmed Combat
  3293 | D:3      | Reached XP level 6. HP: 56/56 MP: 5/5
  3954 | D:4      | Found a radiant altar of Vehumet.
  4032 | D:4      | Found a staircase to the Ecumenical Temple.
  4041 | Temple   | Entered the Ecumenical Temple
  4059 | Temple   | Became a worshipper of Makhleb the Destroyer
  4059 | Temple   | Reached * piety under Makhleb
  4059 | Temple   | Reached ** piety under Makhleb
  4228 | D:5      | Entered Level 5 of the Dungeon
  4247 | D:5      | Reached XP level 7. HP: 30/58 MP: 6/6
  4434 | D:5      | Found a shattered altar of Ashenzari.
  4524 | D:5      | Shot with an arrow by a centaur

Vault maps used:
D:1:      dpeg_arrival_ratfight
D:3:      nicolae_overflow_crystal_walls, lemuel_doored_altar, first_bread,
          kennysheep_generic_room_5, uniq_sigmund, uniq_robin, uniq_jessica
D:4:      vehumet_statue, temple_hall, serial_corexii_hall,
          corexii_hall_statues_x, corexii_hall_statues_u
D:5:      kennysheep_mini, old_standard_altar, nicolae_ossuary_entry_giza
Temple:   minmay_freezing_vapour_temple

Skill      XL: |  1  2  3  4  5  6  7 |
---------------+----------------------+-----
Fighting       | 4 5 6 |  6.2
Unarmed Combat | 4 5 6 |  6.2
Shields        | 1 2 3 |  3.4
Dodging        | |  2.6
Stealth        | |  2.1

Action                   |  1- 3 |  4- 6 |  7- 9 || total
-------------------------+-------+-------+-------++-------
Melee: Unarmed           |   150 |   215 |    83 ||   448
       Punch             |     1 |     3 |       ||     4
Throw: Tomahawk          |     4 |       |       ||     4
  Use: Scroll            |     4 |     4 |     2 ||    10
       Potion            |       |     2 |     2 ||     4
 Stab: Sleeping          |     2 |     2 |       ||     4
  Eat: Chunk             |     5 |     4 |     4 ||    13
Armor: Ring mail         |    81 |    16 |       ||    97
       Scale mail        |       |    49 |       ||    49
       Chain mail        |       |    32 |    39 ||    71
Dodge: Dodged            |    98 |   100 |    15 ||   213
